 Dungeon Crawl Stone Soup version 0.23-a0-489-g205b0b6 (webtiles) character file.

1360 Lavandula the Slicer (level 8, -1/46 HPs)
             Began as a Halfling Enchanter on Dec 2, 2018.
             Shot with a sling bullet by Joseph (15 damage)
             ... on level 9 of the Dungeon.
             The game lasted 00:24:18 (4224 turns).

Lavandula the Slicer (Halfling Enchanter)           Turns: 4224, Time: 00:24:19

Health: -1/46      AC:  5    Str:  7    XL:     8   Next: 96%
Magic:  11/11      EV: 15    Int: 15    God:
Gold:   23         SH:  0    Dex: 15    Spells: 0/11 levels left

rFire    . . .     SeeInvis .   e - +2 short sword (speed)
rCold    . . .     Gourm    .   (shield restricted)
rNeg     . . .     Faith    .   b - +0 robe
rPois    .         Spirit   .   m - +2 helmet
rElec    .         Reflect  .   (no cloak)
rCorr    .         Harm     .   (no gloves)
MR       .....     Rnd*Tele +   (no boots)
Stlth    ++........             (no amulet)
HPRegen  0.15/turn              t - -2 ring of strength (curse)
MPRegen  0.12/turn              p - ring of teleportation (curse)

@: no status effects
A: small, mutation resistance 1
a: no special abilities


You were on level 9 of the Dungeon.
You were not hungry.

You visited 1 branch of the dungeon, and saw 9 of its levels.

You collected 181 gold pieces.
You spent 158 gold pieces at shops.

Inventory:

Hand Weapons
 a - a +1 dagger
 e - a +2 short sword of speed (weapon)
 j - a cursed -2 mace
 l - a cursed +0 falchion
Missiles
 q - 40 poisoned needles
Armour
 b - a +0 robe (worn)
 c - a +3 ring mail
 m - a +2 helmet (worn)
Jewellery
 o - an uncursed ring of wizardry
 p - a cursed ring of teleportation (right hand)
 t - a cursed -2 ring of strength (left hand)
 u - an uncursed ring of poison resistance
Wands
 i - a wand of clouds (6)
Scrolls
 f - a scroll of enchant armour
 g - a scroll of fog
 h - a scroll of enchant weapon
 k - 2 scrolls of immolation
 n - a scroll of magic mapping
 s - a scroll of fear
Potions
 r - a potion of berserk rage
 v - a potion of might {unknown}
Comestibles
 d - 2 rations


   Skills:
 + Level 8.9 Short Blades
 - Level 2.1 Dodging
 - Level 3.2 Stealth
 - Level 2.1 Spellcasting
 - Level 5.5 Conjurations
 - Level 2.4 Hexes


You couldn't memorise any spells.
You knew the following spells:

 Your Spells              Type           Power        Failure   Level  Hunger
a - Corona                Hex            #......      9%          1    #......
b - Ensorcelled Hibernat  Hex/Ice        #.....       21%         2    ###....
c - Tukima's Dance        Hex            #.......     24%         3    ###....
d - Dazzling Spray        Conj/Hex       ##....       13%         3    ###....
e - Passwall              Tmut/Erth      #.......     32%         2    ###....

Your spell library contained the following spells:

 Spells                   Type           Power        Failure   Level  Hunger
 Sandblast                Erth           #.....       22%         1    #......
 Stone Arrow              Conj/Erth      #.....       22%         3    ###....
 Confuse                  Hex            #.......     24%         3    ###....
 Petrify                  Tmut/Erth      #.......     91%         4    #####..
 Lee's Rapid Deconstruct  Erth           #.........   99%         5    ######.


Dungeon Overview and Level Annotations

Branches:
Dungeon (8/15)
 Temple: D:4-7         Lair: D:8-11

Altars:

Shops:
D:4 *:   D:5 *

Annotations:
D:9 Joseph


Innate Abilities, Weirdness & Mutations

You are small and have problems with some larger weapons.
You are somewhat resistant to further mutation.


Message History

You see here a scroll of identify.
As you read the scroll of identify, it crumbles to dust.
r - a potion of berserk rage
Found a slimy cloak.
Joseph, a Mercenary comes into view.
He is wielding a +0 quarterstaff and Joseph shouts!
Joseph unwields a +0 quarterstaff.
Joseph wields a +0 hunting sling.
Joseph shoots a sling bullet.
The sling bullet hits you!
Found a stone staircase leading down.
You see here a sling bullet.
Joseph shoots a sling bullet.
The sling bullet hits you!
Unknown command.
The jelly quivers.
A troll comes into view.
Found a marble ring.
There is a stone staircase leading up here.
Unknown command.
Okay, then.
Joseph shoots a sling bullet.
The sling bullet hits you!
You die...

............................
......###...................
###...# #.................#
#...# #.................#
#...# #.................#
#.†.# #.................#
#...# #.................#
#...# #.................#
#...# #.......@.(.......#
#...# #...).............#
#...# #......?..........#
#...# #.................#
.................#
.........J.......#
......@.[........#
=....T....>......


You could see Joseph, a troll (wandering) and a jelly.

Vanquished Creatures
  Grinder (D:5)
  A hungry ghost (D:7)
  Menkaure (D:5)
  2 ice beasts
  A centaur (D:7)
  2 bullfrogs
  A scorpion (D:5)
  4 orc wizards
  A bullfrog skeleton (D:5)
  A centaur skeleton (D:5)
  4 worker ants
  Robin (D:2)
  A gnoll (D:6)
  A howler monkey skeleton (D:7)
  A worker ant zombie (D:5)
  7 adders
  2 shadow imps
  An ooze (D:3)
  2 worms
  A dart slug (D:2)
  5 leopard geckos
  12 orcs
  2 ball pythons
  4 bats
  5 giant cockroaches
  3 hobgoblins
  4 jackals (D:3)
  10 kobolds
  2 frilled lizards
  A giant cockroach zombie (D:5)
  10 goblins
  A jackal skeleton (D:4)
  A quokka skeleton (D:7)
  5 rats
101 creatures vanquished.

Notes
Turn   | Place    | Note
-------+----------+-------------------------------------------
     0 | D:1      | Lavandula the Halfling Enchanter began the quest for the
                  | Orb.
     0 | D:1      | Reached XP level 1. HP: 11/11 MP: 3/3
    77 | D:2      | Noticed Robin
   126 | D:1      | Reached skill level 2 in Short Blades
   191 | D:1      | Reached XP level 2. HP: 17/17 MP: 2/4
   397 | D:1      | Reached skill level 3 in Short Blades
   509 | D:1      | Reached XP level 3. HP: 21/21 MP: 1/5
   711 | D:2      | Learned a level 2 spell: Ensorcelled Hibernation
   896 | D:2      | Reached skill level 4 in Short Blades
   999 | D:2      | Killed Robin
   999 | D:2      | Reached XP level 4. HP: 18/27 MP: 1/6
  1123 | D:3      | Reached skill level 5 in Short Blades
  1226 | D:3      | Reached XP level 5. HP: 30/31 MP: 5/7
  1375 | D:3      | Reached skill level 6 in Short Blades
  1562 | D:4      | Learned a level 3 spell: Tukima's Dance
  1648 | D:4      | Found Moedacoa's Book Shop.
  1659 | D:5      | Entered Level 5 of the Dungeon
  1659 | D:5      | Found Nagukaw's General Store.
  1659 | D:5      | Noticed a phantom
  1699 | D:4      | Found Aroin's General Store.
  1707 | D:4      | Bought a scroll of magic mapping for 42 gold pieces
  1883 | D:4      | Bought a scroll of holy word for 90 gold pieces
  1891 | D:5      | Noticed an ice beast
  2282 | D:5      | Reached XP level 6. HP: 22/36 MP: 8/8
  2401 | D:5      | Learned a level 3 spell: Dazzling Spray
  2433 | D:6      | Noticed a sky beast
  2447 | D:5      | Noticed an ice beast
  2484 | D:5      | Reached skill level 1 in Conjurations
  2630 | D:5      | Noticed Grinder
  2753 | D:5      | Paralysed by Grinder for 3 turns
  2763 | D:5      | Killed Grinder
  2763 | D:5      | Reached XP level 7. HP: 10/41 MP: 4/10
  3321 | D:5      | Reached XP level 8. HP: 30/46 MP: 2/11
  3370 | D:5      | Noticed Menkaure
  3381 | D:5      | HP: 1/46 [Menkaure (7)]
  3383 | D:5      | Killed Menkaure
  3383 | D:5      | Reached skill level 5 in Conjurations
  3649 | D:5      | Bought a scroll of identify for 26 gold pieces
  3905 | D:7      | Reached skill level 7 in Short Blades
  3976 | D:7      | Reached skill level 8 in Short Blades
  4045 | D:7      | Learned a level 2 spell: Passwall
  4192 | D:7      | You fall through a shaft for 2 floors!
  4221 | D:9      | Noticed Joseph
  4223 | D:9      | Noticed a troll
  4224 | D:9      | Shot with a sling bullet by Joseph

Vault maps used:
D:1:      dpeg_arrival_rooms_with_view, minmay_split_cup_small
D:2:      minmay_misc_feat_nine_boxes, hangedman_abyss_or_decor_stabs,
          uniq_robin
D:3:      kennysheep_slug_shrine, chequers_garden
D:4:      serial_shops, shop, nicolae_shop_stone
D:5:      first_ration, serial_shops, shop, uniq_menkaure, uniq_grinder
D:6:      minmay_temple_entry_stoned_glass, uniq_pikel
D:7:      uniq_crazy_yiuf_cottage
D:8:      due_lair_maze_entry_diamond
D:9:      blue_anna_alchemist, okawaru_trees_2, uniq_joseph, uniq_gastronok,
          uniq_psyche, uniq_prince_ribbit1

Skill      XL: |  1  2  3  4  5  6  7  8 |
---------------+-------------------------+-----
Short Blades   | 2 3 4 5 6 8 |  8.9
Spellcasting   | 2 |  2.1
Conjurations   | 3 4 5 |  5.5
Dodging        | |  2.1
Stealth        | |  3.2
Hexes          | |  2.4

Action                   |  1- 3 |  4- 6 |  7- 9 || total
-------------------------+-------+-------+-------++-------
Melee: Dagger            |    11 |       |       ||    11
       Short sword       |    75 |   154 |    76 ||   305
Throw: Stone             |     2 |       |       ||     2
 Cast: Corona            |    18 |     9 |       ||    27
       Ensorcelled Hiber |     3 |    18 |     4 ||    25
       Dazzling Spray    |       |     5 |    22 ||    27
Evoke: Wand              |       |       |     7 ||     7
  Use: Scroll            |       |     1 |     9 ||    10
       Potion            |       |     2 |     1 ||     3
 Stab: Sleeping          |     8 |    11 |     8 ||    27
       Invisible         |       |     4 |     3 ||     7
       Paralysed         |       |       |     2 ||     2
  Eat: Chunk             |       |     6 |     5 ||    11
       Ration            |       |     1 |     2 ||     3
Armor: Robe              |     8 |     9 |    11 ||    28
Dodge: Dodged            |    35 |    69 |    46 ||   150

Table legend:
 A = Non-vault XP
 B = Vault XP
 C = Vault XP percentage of total XP
 D = Non-vault monster count
 E = Vault monster count
 F = Vault count percentage of total count
                 A         B        C        D         E       F
            +---------+---------+-------+---------+---------+-------
      Total |    1461 |     483 |  24.8 |      88 |      13 |  12.9
            +---------+---------+-------+---------+---------+-------
        D:1 |      22 |       7 |  24.1 |      13 |       5 |  27.8
        D:2 |      33 |      26 |  44.1 |      11 |       6 |  35.3
        D:3 |     135 |       0 |   0.0 |      23 |       0 |   0.0
        D:4 |      39 |       0 |   0.0 |       7 |       0 |   0.0
        D:5 |     529 |     450 |  46.0 |      20 |       2 |   9.1
        D:6 |      17 |       0 |   0.0 |       2 |       0 |   0.0
        D:7 |     598 |       0 |   0.0 |      11 |       0 |   0.0
        D:9 |      88 |       0 |   0.0 |       1 |       0 |   0.0
            +---------+---------+-------+---------+---------+-------
